Map: New Gettysburg LE

Players

LilDebbie - Winner!

  • Race: Protoss Protoss
  • League: Gold
  • Spawn Location: 5:00

Fropez

  • Race: Protoss Protoss
  • League: Gold
  • Spawn Location: 7:00

VOD

Have the link to the VOD?

Description

Time

  • Played on: Nov. 10, 2016, 4:46 p.m.
  • Length: 7:31
Show
View Real Time Build Order
Export as new Build Order

LilDebbie Protoss - Winner!

Build Orders: Oracle Opening, Phoenix Opening 

Get SALT Encoding   

  12  0:02  Probe (Chrono Boost)  
  13  0:13  Probe (Chrono Boost)  
  14  0:21  Pylon  
  14  0:23  Probe (Chrono Boost)  
  15  0:38  Assimilator  
  15  0:39  Probe (Chrono Boost)  
  16  0:44  Gateway  
  17  0:50  Probe (Chrono Boost)  
  17  0:57  Assimilator  
  17  1:00  Probe (Chrono Boost)  
  18  1:11  Probe (Chrono Boost)  
  19  1:12  Gateway  
  19  1:21  Probe (Chrono Boost)  
  20  1:31  Cybernetics Core  
  20  1:32  Probe (Chrono Boost)  
  21  1:39  Pylon  
  21  1:43  Probe (Chrono Boost)  
  22  1:53  Probe (Chrono Boost)  
  27  2:08  Adept (Chrono Boost)  
  27  2:09  Warp Gate (Chrono Boost)  
  27  2:10  Mothership Core  
  27  2:11  Adept (Chrono Boost)  
  29  2:25  Stargate  
  29  2:30  Pylon  
  29  2:41  Probe  
  29  2:52  Stalker (Chrono Boost)  
  29  2:54  Stalker (Chrono Boost)  
  29  2:56  Probe  
  34  3:11  Oracle (Chrono Boost)  
  37  3:14  Pylon  
  35  3:42  Phoenix (Chrono Boost)  
  35  3:45  Nexus  
  37  4:00  Probe  
  38  4:05  Pylon  
  38  4:07  Phoenix (Chrono Boost)  
  40  4:16  Robotics Facility  
  41  4:31  Probe  
  41  4:43  Probe  
  42  4:47  Stalker x2  
  42  4:49  Phoenix (Chrono Boost)  
  46  4:55  Probe  
  47  5:03  Probe  
  48  5:07  Probe  
  49  5:14  Phoenix (Chrono Boost)  
  48  5:21  Probe, Assimilator  
  48  5:22  Probe, Assimilator  
  48  5:25  Observer (Chrono Boost)  
  51  5:33  Probe  
  51  5:34  Probe  
  53  5:45  Probe  
  53  5:47  Phoenix (Chrono Boost), Probe  
  53  5:48  Immortal  
  61  5:57  Pylon  
  61  5:58  Probe  
  61  5:59  Probe  
  63  6:25  Probe x2  
  65  6:29  Phoenix (Chrono Boost)  
  67  6:34  Robotics Facility  
  67  6:36  Robotics Bay  
  67  6:37  Probe x2  
  69  6:40  Pylon  
  69  6:41  Pylon  
  69  6:43  Pylon  
  69  6:49  Probe  
  68  7:16  Probe x2  
Show
View Real Time Build Order
Export as new Build Order

Fropez Protoss 

Build Orders:  

Get SALT Encoding   

  12  0:01  Probe (Chrono Boost)  
  13  0:11  Probe (Chrono Boost)  
  14  0:22  Probe (Chrono Boost)  
  14  0:23  Pylon  
  15  0:34  Assimilator  
  15  0:41  Probe (Chrono Boost)  
  16  0:44  Gateway  
  16  0:52  Probe (Chrono Boost)  
  17  1:04  Probe (Chrono Boost)  
  17  1:05  Gateway  
  18  1:15  Probe (Chrono Boost)  
  19  1:23  Pylon  
  20  1:25  Probe (Chrono Boost)  
  20  1:34  Cybernetics Core  
  20  1:36  Probe (Chrono Boost)  
  21  1:40  Assimilator  
  21  1:47  Probe (Chrono Boost)  
  22  1:57  Probe (Chrono Boost)  
  23  2:10  Adept  
  23  2:11  Adept  
  23  2:12  Pylon  
  23  2:13  Warp Gate (Chrono Boost)  
  27  2:25  Mothership Core (Chrono Boost)  
  29  2:44  Probe (Chrono Boost)  
  30  2:58  Nexus  
  30  3:00  Pylon  
  24  3:26  Probe  
  21  3:38  Probe  
  26  3:50  Probe  
  25  4:02  Probe  
  22  4:07  Twilight Council  
  22  4:09  Probe  
  22  4:11  Stalker  
  22  4:12  Gateway, Stalker  
  22  4:14  Probe  
  28  4:19  Probe  
  29  4:31  Pylon  
  23  4:43  Probe  
  23  4:44  Probe  
  22  4:56  Probe  
  22  4:59  Probe  
  23  5:02  Resonating Glaives (Chrono Boost)  
  24  5:08  Probe  
  24  5:14  Probe  
  24  5:17  Pylon  
  25  5:22  Stalker  
  25  5:27  Probe  
  25  5:28  Probe  
  29  5:35  Stalker  
  29  5:38  Probe  
  32  5:51  Probe  
  32  5:52  Probe, Templar Archives  
  34  6:03  Probe  
  35  6:07  Assimilator  
  35  6:09  Assimilator  
  29  6:25  Mothership Core  
  30  6:28  High Templar  
  26  7:10  Probe  
  26  7:12  Probe  
  26  7:17  High Templar  
Tags
 
Add a new tag
Caveats
  • Supply blocks, unpowered buildings, or Contaminate may cause inaccurate times.
  • Supply counts are checked every 10 seconds.